[Event "Polish Youth Ekstraliga 2022"]
[Site "Lublin"]
[Date "2022.06.30"]
[Round "6.19"]
[White "Poltorak, Sebastian"]
[Black "Karolczuk, Iwo"]
[Result "1-0"]
[ECO "E32"]
[WhiteElo "2322"]
[BlackElo "2319"]
[Annotator "RC"]
[PlyCount "93"]
[EventDate "2022.06.24"]
[EventType "team-tourn"]
[EventCountry "POL"]
[SourceTitle "playchess.com"]
[Source "ChessBase"]
[SourceQuality "1"]
[TimeControl "40/5400+30:1800+30"]

1. d4 Nf6 2. c4 e6 3. Nc3 Bb4 4. Qc2 O-O 5. e4 d5 6. e5 Ne4 7. Bd3 c5 8. Nge2 cxd4 9. Nxd4 Nd7 10. Bf4 Ndc5 11. O-O Bxc3 12. bxc3 Nxd3 13. Qxd3 b6 14. cxd5 Qxd5 15. Rfd1 Bb7 16. c4 Qa5 17. Nb5 Bc6 18. a4 Qb4 19. f3 Bxb5 20. axb5 Nc5 21. Qc2 Nb3 22. Rab1 Qc5+ 23. Kf1 Na5 24. Rbc1 Rad8 25. Bd2 Qxe5 26. Bxa5 bxa5 27. c5 Qxh2 28. c6 Qh1+ 29. Kf2 Qh4+ 30. Kg1 Qb4 31. Rxd8 Rxd8 32. c7 Rc8 33. Rd1 Qe7 34. Qc6 h5 35. Rd7 Qh4 36. Qc3 a4 37. f4 Kh7 38. Rxf7 Qg4 39. Qd3+ Qg6 40. Qd7 a3 41. Qxc8 Qxf7 42. Qb8 a2 43. Qxa7 Qxf4 44. c8=Q Qd2 45. Qc4 Qe1+ 46. Qf1 Qb1 47. b6 1-0

[Event "Polish Youth Ekstraliga 2022"]
[Site "Lublin"]
[Date "2022.06.30"]
[Round "6.20"]
[White "Backiel, Hubert"]
[Black "Meers, Hubert"]
[Result "0-1"]
[ECO "B42"]
[WhiteElo "2045"]
[BlackElo "2013"]
[Annotator "RC"]
[PlyCount "120"]
[EventDate "2022.06.24"]
[EventType "team-tourn"]
[EventCountry "POL"]
[SourceTitle "playchess.com"]
[Source "ChessBase"]
[SourceQuality "1"]
[TimeControl "40/5400+30:1800+30"]

1. e4 c5 2. Nf3 e6 3. d4 cxd4 4. Nxd4 a6 5. Bd3 Bc5 6. Nb3 Ba7 7. O-O Ne7 8. Qe2 O-O 9. Be3 Nbc6 10. Bxa7 Rxa7 11. c4 d5 12. cxd5 exd5 13. N1d2 Ne5 14. Rad1 b6 15. Bb1 Re8 16. h3 N5g6 17. f4 Bd7 18. Qf2 Bb5 19. Rfe1 dxe4 20. f5 e3 21. Rxe3 Nf8 22. f6 gxf6 23. Rde1 f5 24. Nd4 Qxd4 25. Rg3+ Neg6 26. Qxd4 Rxe1+ 27. Kh2 Rd7 28. Qc3 Rxd2 29. Qxd2 Rxb1 30. h4 h5 31. Rg5 Ne6 32. Rxh5 Rf1 33. b3 Rf4 34. Qc2 Nd4 35. Qd2 Rg4 36. Qf2 Kf8 37. Qd2 Bc6 38. Qh6+ Ke8 39. Qe3+ Kd7 40. Rg5 Rxh4+ 41. Kg1 Re4 42. Qd2 Ke6 43. Qf2 Kf6 44. Rh5 Rg4 45. g3 Rxg3+ 46. Qxg3 Ne2+ 47. Kf2 Nxg3 48. Kxg3 Ke5 49. Kf2 Ke4 50. Rh1 f4 51. Re1+ Kf5 52. Rc1 Ne5 53. Rc3 Bd5 54. Rc7 Ng4+ 55. Kf1 f3 56. Rc3 Kf4 57. a4 a5 58. Rd3 Bb7 59. Rd4+ Kg3 60. b4 Nh2+ 0-1

[Event "Polish Youth Ekstraliga 2022"]
[Site "Lublin"]
[Date "2022.06.30"]
[Round "6.21"]
[White "Zielonka, Adam"]
[Black "Ptaszynski, Szymon"]
[Result "1/2-1/2"]
[ECO "C43"]
[WhiteElo "1988"]
[BlackElo "1781"]
[Annotator "RC"]
[PlyCount "97"]
[EventDate "2022.06.24"]
[EventType "team-tourn"]
[EventCountry "POL"]
[SourceTitle "playchess.com"]
[Source "ChessBase"]
[SourceQuality "1"]
[TimeControl "40/5400+30:1800+30"]

1. e4 e5 2. Nf3 Nf6 3. d4 Nxe4 4. Bd3 d5 5. Nxe5 Bd6 6. c4 Bxe5 7. dxe5 c6 8. Bxe4 dxe4 9. Qxd8+ Kxd8 10. Nc3 Nd7 11. O-O Nxe5 12. Nxe4 f6 13. Bf4 Kc7 14. Rad1 Be6 15. b3 Rad8 16. f3 Rxd1 17. Rxd1 Re8 18. Bxe5+ fxe5 19. Kf2 h6 20. Ng3 Bf7 21. Ke3 Bg6 22. Ne4 b6 23. Nf2 Bf5 24. Rd2 Re7 25. Ne4 Bg6 26. Re2 Re6 27. Kd2 Kd7 28. Kc3 Kc7 29. Nf2 Kd6 30. b4 Bf5 31. Ne4+ Bxe4 32. Rxe4 Rf6 33. Rg4 g6 34. Kd3 Ke6 35. Ke3 a6 36. Re4 Kd6 37. a4 c5 38. b5 axb5 39. axb5 Rf7 40. f4 exf4+ 41. Rxf4 Re7+ 42. Kd3 Re6 43. h3 Ke7 44. Re4 h5 45. g3 Rxe4 46. Kxe4 Ke6 47. h4 Kd6 48. Kf4 Ke6 49. Ke4 1/2-1/2

[Event "Polish Youth Ekstraliga 2022"]
[Site "Lublin"]
[Date "2022.06.30"]
[Round "6.22"]
[White "Rekuc, Patryk"]
[Black "Liskiewicz, Jakub"]
[Result "1-0"]
[ECO "E10"]
[WhiteElo "1842"]
[BlackElo "1839"]
[Annotator "NA RC"]
[PlyCount "61"]
[EventDate "2022.06.24"]
[EventType "team-tourn"]
[EventCountry "POL"]
[SourceTitle "playchess.com"]
[Source "ChessBase"]
[SourceQuality "1"]
[TimeControl "40/5400+30:1800+30"]

1. d4 Nf6 2. c4 e6 3. Nf3 d5 4. e3 c6 5. Bd3 Nbd7 6. O-O Be7 7. b3 O-O 8. Bb2 dxc4 9. bxc4 c5 10. Nbd2 b6 11. Qc2 Bb7 12. e4 cxd4 13. e5 Ng4 14. Bxh7+ Kh8 15. Bxd4 Bg5 $2 (15... Qc7 $16) 16. Be4 Bxe4 17. Nxe4 ({But not} 17. Qxe4 $6 Nh6 18. Rad1 Rc8 19. Nxg5 Qxg5 $16) 17... Bf4 18. Rfd1 Qc7 $2 (18... Qe7 {is a better chance.} 19. Qe2 Kg8) 19. Neg5 Bxg5 20. Nxg5 g6 21. Qe4 Nh6 22. Qh4 Kg7 23. Be3 Qc6 (23... Nxe5 $142 24. Qxh6+ Kxh6 25. Nxe6+ Kh7 26. Nxc7 Rac8) 24. Rd6 Qb7 25. Nxe6+ fxe6 26. Qxh6+ Kf7 27. Qh7+ (27. Rad1 $142 Nxe5 28. Qh7+ Kf6 29. Qxb7 Rac8 30. Bd4 Rc5 31. Re1 a6 32. f4) 27... Ke8 28. Rxe6+ Kd8 29. Qe7+ Kc8 30. Rd1 a5 31. Red6 1-0

[Event "Polish Youth Ekstraliga 2022"]
[Site "Lublin"]
[Date "2022.06.30"]
[Round "6.23"]
[White "Zabrzanska, Weronika"]
[Black "Marcinczyk, Monika"]
[Result "1/2-1/2"]
[ECO "B22"]
[WhiteElo "1882"]
[BlackElo "1991"]
[Annotator "RC"]
[PlyCount "46"]
[EventDate "2022.06.24"]
[EventType "team-tourn"]
[EventCountry "POL"]
[SourceTitle "playchess.com"]
[Source "ChessBase"]
[SourceQuality "1"]
[TimeControl "40/5400+30:1800+30"]

1. e4 c5 2. c3 Nf6 3. e5 Nd5 4. Nf3 d6 5. d4 cxd4 6. cxd4 Nc6 7. Bc4 Nb6 8. Bb5 dxe5 9. Nxe5 Bd7 10. Nc3 Nxe5 11. dxe5 Bxb5 12. Nxb5 Qxd1+ 13. Kxd1 O-O-O+ 14. Ke2 Rd5 15. a4 Rxe5+ 16. Be3 Nd5 17. Rac1+ Kb8 18. Rhd1 e6 19. Kf3 Rf5+ 20. Ke2 Re5 21. Kf3 Rf5+ 22. Ke2 Re5 23. Kf3 Rf5+ 1/2-1/2

[Event "Polish Youth Ekstraliga 2022"]
[Site "Lublin"]
[Date "2022.06.30"]
[Round "6.24"]
[White "Szczotka, Klara"]
[Black "Polakiewicz, Blanka"]
[Result "1-0"]
[ECO "B40"]
[WhiteElo "1863"]
[BlackElo "1151"]
[Annotator "NA RC"]
[PlyCount "105"]
[EventDate "2022.06.24"]
[EventType "team-tourn"]
[EventCountry "POL"]
[SourceTitle "playchess.com"]
[Source "ChessBase"]
[SourceQuality "1"]
[TimeControl "40/5400+30:1800+30"]

1. e4 c5 2. Nf3 e6 3. b3 d6 4. Bb5+ Nd7 5. O-O a6 6. Bd3 Ngf6 7. Bb2 Be7 8. Re1 O-O 9. e5 dxe5 10. Nxe5 Nxe5 11. Bxe5 Bd7 12. Nc3 Bc6 13. Re3 Bd6 14. f4 h6 15. Qe2 Bxe5 16. fxe5 Nd5 17. Nxd5 Bxd5 18. Rf1 b5 $2 {[%emt 0:07:11] [#]} (18... f5 $14) 19. Rg3 $2 ({White must play} 19. Rf6 $1 $18 ) 19... Qh4 $2 (19... f5 $16) 20. Qe3 $2 (20. Rg4 $18 {is the precise move to win.} Qxg4 21. Qxg4) 20... Qd4 21. Qxd4 cxd4 22. Rf4 Rfd8 23. Rxd4 Bc6 24. Rdg4 (24. Rgg4 $142) 24... g6 25. Kf2 Bd5 26. Rd4 Bc6 27. Ke3 Rab8 28. Rgg4 Rbc8 29. g3 Bb7 30. Rxd8+ Rxd8 31. Rd4 Rb8 32. Rd7 Kf8 33. Be4 Bxe4 34. Kxe4 Rc8 35. c3 Rc6 36. Rd6 Rxd6 37. exd6 f6 38. c4 bxc4 39. bxc4 Ke8 40. c5 Kd7 41. g4 Kc6 42. h4 a5 43. a4 Kd7 44. d3 Kc6 45. d4 Kd7 46. h5 g5 47. d5 e5 48. Kf5 Kd8 49. c6 Kc8 50. d7+ Kd8 51. d6 e4 52. Ke6 e3 53. c7# 1-0

[Event "Polish Youth Ekstraliga 2022"]
[Site "Lublin"]
[Date "2022.06.30"]
[Round "6.25"]
[White "Baum, Jonasz"]
[Black "Dzida, Kamil"]
[Result "1-0"]
[ECO "D38"]
[WhiteElo "2409"]
[BlackElo "2294"]
[Annotator "TA"]
[PlyCount "61"]
[EventDate "2022.06.24"]
[EventType "team-tourn"]
[EventCountry "POL"]
[SourceTitle "playchess.com"]
[Source "ChessBase"]
[SourceQuality "1"]
[TimeControl "40/5400+30:1800+30"]

1. d4 Nf6 2. c4 e6 3. Nf3 d5 4. Nc3 Bb4 5. cxd5 exd5 6. Bg5 h6 7. Bxf6 Qxf6 8. Qa4+ Nc6 9. e3 O-O 10. Rc1 Be6 {[%emt 0:04:32] D38: Queen's Gambit Declined: Ragozin Defence (4 Nf3 Bb4).} 11. a3 {[%emt 0:01:42] [#]} Be7 $146 (11... Bd6 $11 {should be considered.}) ({Predecessor:} 11... Bd6 12. Nb5 a6 13. Nxd6 cxd6 14. Be2 Rfc8 15. O-O b5 16. Qb3 Qd8 17. Qa2 Na5 18. b3 Rxc1 19. Rxc1 {½-½ (51) Akobian,V (2647)-Bu,X (2730) Riadh 2017}) 12. Qb5 $14 a6 {[%emt 0:03:20] White is slightly better.} 13. Qxb7 Na5 14. Qxc7 {[%emt 0:00:13] White is more active.} Nb3 15. Rd1 Rfc8 16. Qb6 (16. Qe5 $1 $16) 16... Rcb8 {[%emt 0:04:07] [#]} ({Black should play} 16... Rab8 $1 $14 17. Qxa6 Qg6) 17. Qc6 $1 $18 Na5 {[%emt 0:02:11] [#]} 18. Qa4 Nc4 (18... Nb3 $16 19. Bd3 (19. Bxa6 Qg6 $17) 19... Bd6) 19. Bxc4 dxc4 20. Rd2 g5 $2 (20... Ra7 {is a better defense.} 21. O-O Rab7 22. Qxa6 Rxb2) 21. O-O g4 22. Ne5 Rc8 23. Nd7 Qg6 (23... Bxd7 24. Qxd7 Qe6) 24. Nb6 {[%emt 0:02:12][%csl LRa8,LRc8] White is clearly winning.} h5 25. Nxa8 Rxa8 26. d5 Bf5 27. Qc6 Qxc6 28. dxc6 Bd3 29. Rc1 Rc8 30. Nd5 Bd6 31. Nb4 {[%emt 0:00:45] White took control after the opening.  Weighted Error Value: White=0.23 (precise) /Black=0.64} 1-0

[Event "Polish Youth Ekstraliga 2022"]
[Site "Lublin"]
[Date "2022.06.30"]
[Round "6.26"]
[White "Koziorowicz, Michal"]
[Black "Dalkowski, Rafal"]
[Result "0-1"]
[ECO "B12"]
[WhiteElo "2231"]
[BlackElo "2028"]
[Annotator "TA"]
[PlyCount "64"]
[EventDate "2022.06.24"]
[EventType "team-tourn"]
[EventCountry "POL"]
[SourceTitle "playchess.com"]
[Source "ChessBase"]
[SourceQuality "1"]
[TimeControl "40/5400+30:1800+30"]

1. e4 c6 2. d4 d5 3. e5 Bf5 4. Nc3 e6 5. g4 Bg6 6. Nge2 c5 7. h4 h5 8. Nf4 Bh7 9. g5 {[%emt 0:00:03] B12: Caro-Kann: Advance Variation.} (9. gxh5 Nc6 10. Be3 cxd4 11. Bxd4 Nge7 $17) 9... cxd4 10. Nb5 Be4 11. f3 {[%emt 0:00:11] The position is equal.} Bf5 12. Nxd4 Ne7 13. Nxf5 Nxf5 14. Bd3 {[%emt 0:00:06] aiming for Bxf5.} Qc7 (14... g6 $5 ) 15. Ne2 $1 {[%emt 0:01:09] [#] Against Ng3} ({Much worse is} 15. Bxf5 Qxe5+ 16. Be4 (16. Qe2 Qxf5 17. Qd3 Qxd3 $17) 16... Nc6 $15) 15... Bc5 $146 (15... Nc6 $11) ({Predecessor:} 15... g6 16. Bxf5 gxf5 17. f4 Nd7 18. Be3 Nc5 19. Ng3 Na4 20. Qe2 Rc8 21. Nxh5 Qa5+ {½-½ (27) Doderer,H (2383)-Tiemann,H (2347) GER email 2020}) 16. Bxf5 $16 exf5 17. Qxd5 Nd7 18. e6 O-O-O {[%emt 0:01:41] [#] Strongly threatening ...Ne5.} 19. exd7+ {[%emt 0:23:51][%mdl 8192] White does not recover from this.} (19. exf7 $16 {stays on course. Threatens to win with Bf4.} Ne5 20. Qe6+ Qd7 21. Qxd7+ Rxd7 22. Bf4 Nxf7 23. Rd1) 19... Rxd7 $19 20. Qxf5 {[%emt 0:00:08] Black must now prevent Bf4.} Re8 {[%emt 0:02:10] ( -> ...Qg3+)} 21. Bd2 $2 {[%emt 0:04:46] [#]} (21. Bf4 Qa5+ 22. Kf1 Rxe2 23. Rh2 (23. Kxe2 $2 {perishes.} Qb5+ 24. Qd3 Rxd3 $19)) 21... Qg3+ $1 {[%emt 0:10:34] Black is clearly winning.} 22. Kd1 Qf2 23. Re1 Be3 {[%emt 0:04:09] Hoping for ...Re6.} 24. Qd3 Red8 25. Bxe3 Rxd3+ 26. cxd3 Qxe3 27. Nc1 Qxf3+ 28. Re2 Qg4 29. Kc2 Qxh4 30. Nb3 Qxg5 31. Rf1 h4 32. Rxf7 Qd5 {[%emt 0:00:27][%csl LRd3,LRf7] Weighted Error Value: White=0.64/Black=0.12 (very precise)} 0-1

[Event "Polish Youth Ekstraliga 2022"]
[Site "Lublin"]
[Date "2022.06.30"]
[Round "6.27"]
[White "Mulawa, Cyprian"]
[Black "Raczek, Krzysztof"]
[Result "1/2-1/2"]
[ECO "B10"]
[WhiteElo "2050"]
[BlackElo "2114"]
[Annotator "RC"]
[PlyCount "113"]
[EventDate "2022.06.24"]
[EventType "team-tourn"]
[EventCountry "POL"]
[SourceTitle "playchess.com"]
[Source "ChessBase"]
[SourceQuality "1"]
[TimeControl "40/5400+30:1800+30"]

1. e4 c6 2. Nf3 d5 3. d3 g6 4. Nbd2 Bg7 5. g3 Bg4 6. h3 Bxf3 7. Qxf3 Nd7 8. Bg2 e6 9. O-O Ne7 10. Qe2 dxe4 11. dxe4 Qc7 12. a4 e5 13. Nc4 Nb6 14. Be3 O-O 15. a5 Nxc4 16. Qxc4 Rfd8 17. b4 Nc8 18. Rfd1 Nd6 19. Qb3 Bf8 20. Rd2 Be7 21. Rad1 Ne8 22. Rxd8 Bxd8 23. h4 Nf6 24. Bg5 Be7 25. Qf3 Rd8 26. Rxd8+ Qxd8 27. Bf1 Ne8 28. Bc4 Nd6 29. Bxe7 Qxe7 30. Bb3 Kg7 31. c3 h5 32. Qe3 Nc8 33. Kg2 b6 34. axb6 axb6 35. Kh2 c5 36. bxc5 Qxc5 37. Qf3 Nd6 38. Bd5 Qc7 39. Kg2 Nb5 40. c4 Nd6 41. Qc3 Ne8 42. Qa1 Nf6 43. Qa4 Nh7 44. Qa8 Qd6 45. Qb7 Qf6 46. Qa7 g5 47. hxg5 Nxg5 48. Qa3 Nh7 49. Qc3 Nf8 50. c5 bxc5 51. Qxc5 h4 52. Qc8 Qg5 53. Qc7 Qh5 54. gxh4 Nh7 55. Qxf7+ Qxf7 56. Bxf7 Kxf7 57. f4 1/2-1/2

[Event "Polish Youth Ekstraliga 2022"]
[Site "Lublin"]
[Date "2022.06.30"]
[Round "6.28"]
[White "Grzebieniowski, Michal"]
[Black "Suska, Szymon"]
[Result "1/2-1/2"]
[ECO "E16"]
[WhiteElo "1635"]
[BlackElo "1604"]
[Annotator "NA RC"]
[PlyCount "118"]
[EventDate "2022.06.24"]
[EventType "team-tourn"]
[EventCountry "POL"]
[SourceTitle "playchess.com"]
[Source "ChessBase"]
[SourceQuality "1"]
[TimeControl "40/5400+30:1800+30"]

1. d4 Nf6 2. c4 e6 3. Nf3 b6 4. g3 Bb7 5. Bg2 Bb4+ 6. Bd2 Qe7 7. O-O O-O 8. Nc3 d6 9. Re1 Nbd7 10. Qc2 Rfe8 11. a3 Bxc3 12. Bxc3 Rab8 13. e4 e5 14. d5 a5 15. Nd2 Nh5 16. Rf1 Ra8 17. b3 Rf8 18. Qd3 Rae8 19. f4 exf4 20. gxf4 f5 21. Rae1 Qh4 22. Qh3 Qxh3 23. Bxh3 Nc5 24. Bxf5 g6 25. Bg4 Nxf4 26. Re3 h5 27. Bd1 Bc8 28. Bc2 Bg4 29. Bb2 Nd7 30. h4 Ne5 31. Kh1 Nh3 32. Ree1 g5 33. hxg5 Nxg5 34. Rxf8+ Rxf8 35. Bxe5 dxe5 36. Kg2 Nh3 37. Rf1 Nf4+ 38. Kg3 Ne2+ 39. Kg2 Rxf1 40. Kxf1 Nf4 41. Kf2 Kf7 42. b4 axb4 43. axb4 Ke7 44. c5 bxc5 45. bxc5 Ng6 46. Kg3 Be2 47. Bb3 Bg4 48. Bc4 Bd7 49. Be2 h4+ 50. Kh2 Nf4 51. Bf1 Bg4 52. Nc4 Be2 53. Bxe2 Nxe2 54. Nxe5 Nc3 55. Ng6+ Kd8 56. Nxh4 Nxe4 57. Kg2 Nf6 58. Kf3 Nxd5 59. Ke4 Ne7 1/2-1/2

[Event "Polish Youth Ekstraliga 2022"]
[Site "Lublin"]
[Date "2022.06.30"]
[Round "6.29"]
[White "Rejniak, Zuzanna"]
[Black "Siekanska, Maria"]
[Result "1/2-1/2"]
[ECO "B40"]
[WhiteElo "1804"]
[BlackElo "1964"]
[Annotator "RC"]
[PlyCount "91"]
[EventDate "2022.06.24"]
[EventType "team-tourn"]
[EventCountry "POL"]
[SourceTitle "playchess.com"]
[Source "ChessBase"]
[SourceQuality "1"]
[TimeControl "40/5400+30:1800+30"]

1. e4 c5 2. Nf3 e6 3. c3 Nf6 4. e5 Nd5 5. d4 cxd4 6. cxd4 d6 7. Bc4 Nc6 8. O-O Be7 9. Bd2 O-O 10. Nc3 Nxc3 11. Bxc3 Qc7 12. Rc1 dxe5 13. dxe5 b6 14. Bd3 Bb7 15. Qe2 Rac8 16. Qe4 g6 17. Qe3 Rfd8 18. Bb1 Rd7 19. Ng5 Rcd8 20. Qf4 Bxg5 21. Qxg5 b5 22. Be4 Rc8 23. Bxc6 Bxc6 24. Bb4 Qd8 25. Qxd8+ Rdxd8 26. Bd6 Bb7 27. f3 h6 28. Rfd1 g5 29. Kf2 Kg7 30. g4 Kg6 31. Be7 Rxd1 32. Rxd1 Bd5 33. Bb4 Bxa2 34. Bc3 Bd5 35. Kg3 h5 36. gxh5+ Kxh5 37. Rd4 a5 38. Bxa5 Rc1 39. Rd2 Rc4 40. Bc3 Rf4 41. Rd3 b4 42. Bd2 Rh4 43. h3 Rc4 44. b3 Rc2 45. Bxb4 Rb2 46. Ba3 1/2-1/2

[Event "Polish Youth Ekstraliga 2022"]
[Site "Lublin"]
[Date "2022.06.30"]
[Round "6.30"]
[White "Ziobrowska, Maja"]
[Black "Walewska, Natalia"]
[Result "1-0"]
[ECO "C54"]
[WhiteElo "1609"]
[BlackElo "1179"]
[Annotator "NA RC"]
[PlyCount "125"]
[EventDate "2022.06.24"]
[EventType "team-tourn"]
[EventCountry "POL"]
[SourceTitle "playchess.com"]
[Source "ChessBase"]
[SourceQuality "1"]
[TimeControl "40/5400+30:1800+30"]

1. e4 e5 2. Nf3 Nc6 3. Bc4 Bc5 4. c3 Nf6 5. d3 d6 6. O-O O-O 7. Nbd2 a6 8. Bb3 Ba7 9. h3 h6 10. Re1 Nh5 11. Nf1 Qf6 12. N1h2 Nf4 13. Bxf4 Qxf4 14. Qd2 Qf6 15. Rad1 Qg6 16. Kh1 Bd7 17. d4 Rad8 18. Bd5 exd4 19. cxd4 Be6 20. Rc1 Bd7 21. Bb3 Bb6 22. Qd3 Rfe8 23. Nf1 Qf6 24. Rcd1 Na5 25. Ng3 Nxb3 26. Nh5 Qg6 27. Nf4 Qh7 28. axb3 Bc6 29. d5 Bb5 30. Qc2 Ba5 31. Re3 Bb6 32. Nd4 Bd7 33. Nh5 Kh8 34. Qc3 Bxd4 35. Qxd4 Rg8 36. Rg3 Rdf8 37. Rdd3 f6 38. f4 Be8 39. Nxf6 gxf6 40. e5 fxe5 41. fxe5 Bg6 42. e6+ Qg7 43. Rxg6 Qxd4 44. Rxg8+ Kxg8 45. Rxd4 Rf1+ 46. Kh2 Kf8 47. Rh4 Rf6 48. Rc4 Rf5 49. Rxc7 Rxd5 50. Rxb7 Rb5 51. Rxb5 axb5 52. Kg3 Ke7 53. Kf4 Kxe6 54. Ke4 h5 55. g4 h4 56. b4 d5+ 57. Kd4 Kd6 58. g5 Ke6 59. g6 Kf6 60. Kxd5 Kxg6 61. Kc5 Kg5 62. Kxb5 Kf4 63. Kc5 1-0

[Event "Polish Youth Ekstraliga 2022"]
[Site "Lublin"]
[Date "2022.07.01"]
[Round "7.1"]
[White "Dzida, Kamil"]
[Black "Czopor, Maciej"]
[Result "1-0"]
[ECO "A61"]
[WhiteElo "2294"]
[BlackElo "2425"]
[Annotator "TA"]
[PlyCount "101"]
[EventDate "2022.06.24"]
[EventType "team-tourn"]
[EventCountry "POL"]
[SourceTitle "playchess.com"]
[Source "ChessBase"]
[SourceQuality "1"]
[TimeControl "40/5400+30:1800+30"]

1. d4 Nf6 2. c4 e6 3. Nf3 c5 4. d5 exd5 5. cxd5 d6 6. Nc3 g6 7. Bg5 Bg7 8. e3 O-O 9. Nd2 h6 10. Bh4 Na6 11. Nc4 {[%emt 0:02:43] A61: Modern Benoni: Nf3 without early e4.} Nc7 12. a4 {[%emt 0:00:30] Inhibits b5.} b6 13. Be2 {[%emt 0:02:11] White has an edge.} Ba6 14. O-O Qd7 15. e4 (15. f3 $14) 15... Bxc4 16. Bxc4 a6 17. Re1 (17. e5 $14 dxe5 18. Bxf6 Bxf6 19. d6) 17... b5 $11 {[%emt 0:01:51] [#]} 18. Bf1 $146 {[%emt 0:00:46] Hoping for e5.} ({Predecessor:} 18. e5 dxe5 19. Bxf6 Bxf6 20. axb5 axb5 21. Rxa8 Rxa8 22. d6 bxc4 23. dxc7 Qxc7 24. Nd5 {½-½ (55) Balashov,Y (2550)-Garcia Palermo,C (2520) Malmo 1987}) 18... Nh5 19. Qf3 Bd4 (19... b4 $5 20. Nd1 Rae8 $15) 20. g4 Ng7 21. Bg3 b4 22. Nd1 (22. Ne2 $1 $11 Bxb2 23. Rab1) 22... Rae8 {[%emt 0:00:29] Threatens to win with ...f5.} (22... h5 $5 ) 23. Ne3 Bxb2 24. Nc4 Bxa1 25. Rxa1 f5 26. gxf5 gxf5 ({Black should try} 26... Rf6 $1 $15 27. Bh4 Qf7 28. Bxf6 Qxf6) 27. Bh3 $2 (27. Nxd6 $11 {and White is okay.} fxe4 28. Qg2) 27... Qf7 $2 (27... Qd8 $1 $19 {And now ...f4 would win.} 28. exf5 Qf6) 28. Nxd6 Qf6 29. Re1 f4 30. Nxe8 Ncxe8 31. e5 Qg5 $36 {[%emt 0:01:20][%mdl 2048] Black has the initiative.} 32. d6 fxg3 33. Qxg3 c4 (33... Qd2 $11 {remains equal.} 34. Qb3+ Rf7) 34. Qxg5 $16 {[%emt 0:05:50] White is more active.} hxg5 35. Re4 $1 c3 36. Rxb4 {[%emt 0:02:01] Strongly threatening Rc4.} Rf4 {[%emt 0:00:04] Against Rc4} 37. Rb3 (37. Rb8 $16 c2 38. Rc8) 37... Rc4 ({Black should play} 37... c2 $1 $15 38. Rc3 Rf3 $3 39. Rxc2 Rxh3) 38. Bf1 $11 Rc5 {[%emt 0:01:30][%mdl 8192] [#] This move loses the game for Black.} ({But not} 38... Rg4+ 39. Kh1 Rd4 40. Rxc3 $16) (38... Rd4 $11) 39. Rxc3 $3 $18 {[%emt 0:00:31][%mdl 576] Promotion} Rxc3 40. d7 Rc5 41. d8=Q Rxe5 42. Bxa6 Kf7 43. Qd7+ Kf6 44. Bc4 Re7 {[%emt 0:00:08] Against Qf7+} 45. Qc6+ Ke5 46. a5 Nf5 47. a6 Kf4 48. Be6 {[%emt 0:02:51] Qc4+ would kill now.} Nd4 49. Qc4 Ke4 50. Qd5+ Kd3 51. Bf5+ {[%emt 0:00:08] Weighted Error Value: White=0.34/Black=0.28 (precise)} 1-0

[Event "Polish Youth Ekstraliga 2022"]
[Site "Lublin"]
[Date "2022.07.01"]
[Round "7.2"]
[White "Ochedzan, Tymon"]
[Black "Koziorowicz, Michal"]
[Result "1/2-1/2"]
[ECO "B40"]
[WhiteElo "2261"]
[BlackElo "2231"]
[Annotator "TA"]
[PlyCount "110"]
[EventDate "2022.06.24"]
[EventType "team-tourn"]
[EventCountry "POL"]
[SourceTitle "playchess.com"]
[Source "ChessBase"]
[SourceQuality "1"]
[TimeControl "40/5400+30:1800+30"]

1. e4 c5 2. Nf3 e6 3. g3 Nc6 4. Bg2 Qc7 5. Qe2 Nf6 6. O-O {[%emt 0:00:51] B40: Sicilian: 2...e6, Unusual lines.} d5 {[%emt 0:10:05] 6...Be7 is setting a new trend.} 7. exd5 Nxd5 {[%emt 0:00:06] [#]} 8. c4 $146 {[%emt 0:00:58] White is slightly better.} ({Predecessor:} 8. Rd1 Be7 9. d4 O-O 10. c4 Nf6 11. Nc3 cxd4 12. Nxd4 Nxd4 13. Rxd4 Bd7 14. Bf4 {1-0 (47) Goumas,G (2371)-Panagiotopoulos,A (2135) Anogia 2014}) 8... Nf6 9. Nc3 a6 10. Rd1 Nd4 11. Nxd4 cxd4 12. Ne4 Nxe4 13. Qxe4 Bc5 14. b4 f5 15. Qd3 Be7 16. Rb1 (16. Qxd4 $2 Bf6 17. Qc5 Qxc5 18. bxc5 Bxa1 $19) 16... e5 17. Bd5 $1 {[%emt 0:03:08] Against Be6} Bf6 18. Re1 Kf8 (18... h5 $16 {was called for.}) 19. b5 $18 g6 20. b6 Qd8 21. Qb3 Rb8 (21... Kg7 {keeps fighting.} 22. Ba3 a5) 22. d3 (22. f4 e4 $16) 22... Kg7 {[%emt 0:01:00] Inhibits Bh6+.} 23. f4 {[%emt 0:05:08] 0x0.00207cc33742dp-1022s more active pieces. The black rooks are badly placed.} e4 24. dxe4 fxe4 25. Bxe4 (25. Bb2 $1 $16) 25... Re8 $11 26. Bb2 $36 {[%emt 0:02:44][%mdl 2048] Black is under pressure.} Be6 27. Rbd1 (27. Bf3 $14) 27... Rc8 28. Bd5 (28. Bxb7 {keeps more tension.} Bxc4 29. Rxe8 Qxe8 30. Qc2) 28... Bg4 29. Rxe8 (29. Bxb7 Bxd1 30. Rxd1 Rb8 $17) 29... Qxe8 30. Bf3 {[%emt 0:00:11] Inhibits Qe2.} ({Don't go for} 30. Bxd4 $2 Bxd4+ 31. Kh1 Qe2 $1 $19) ({Of course not} 30. Bxb7 Rb8 31. Bd5 Bxd1 32. Qxd1 Qe3+ 33. Kg2 Rxb6 $17) 30... Bxf3 31. Qxf3 Qc6 (31... Rxc4 $11 32. Qxb7+ Kh8) 32. Qxc6 $18 Rxc6 {[%emt 0:00:01] [#]} 33. c5 (33. Bxd4 Bxd4+ 34. Rxd4 Rxb6 $16) 33... Rxc5 34. Bxd4 Bxd4+ 35. Rxd4 {[%emt 0:00:04][%mdl 4096] Endgame KR-KR} Ra5 36. Rd7+ Kf6 37. Rxh7 (37. Rxb7 Rxa2 38. Rxh7) 37... Rxa2 38. Rxb7 {[%emt 0:01:10] Strongly threatening Rb8.} Rb2 (38... Kf5 {is a better defense.} 39. h3 Rb2) 39. Rb8 {[%emt 0:01:44] Black must now prevent h4.} Kf5 40. b7 {[%emt 0:00:00] White wants to mate with Rf8+.} Kg4 41. Ra8 ({White should try} 41. Kf1 $16 a5 42. Ke1) 41... Rxb7 $11 {[%emt 0:01:04] The position is equal.} 42. Rxa6 g5 43. fxg5 Rb1+ (43... Kxg5 44. h4+ Kg4 45. Rg6+ Kh5 46. Rg5+ Kh6 47. Kg2 $18 (47. g4 Rb3 $18)) 44. Kf2 {[%emt 0:00:18] aiming for g6.} Rb2+ 45. Ke3 {[%emt 0:00:54] Threatens to win with h4.} Rxh2 46. g6 {[%emt 0:01:51] Threatening mate with g7.} Rh8 47. Ke4 Rg8 48. Re6 Rg7 49. Rd6 Rg8 50. Ra6 Rg7 51. Ke3 Kxg3 52. Ra1 {[%emt 0:00:24] Intending Rg1+ and mate.} Kg4 53. Ke4 {[%emt 0:00:11] White threatens Rg1+ and mate.} Rxg6 54. Rg1+ Kh5 55. Rxg6 Kxg6 {[%emt 0:00:04] Blacks defense is rewarded with a draw.  Weighted Error Value: White=0.22 (precise) /Black=0.23 (precise)} 1/2-1/2